 Dungeon Crawl Stone Soup version 0.29.0-5-ge4962eb29e (webtiles) character file.

Game seed: 13635823066883930851

52 SnakkuSnakku7 the Poker (level 3, 0/25 HPs)
             Began as a Merfolk Air Elementalist on Aug 30, 2022.
             Was a Follower of Uskayaw.
             Slain by a jackal (2 damage)
             ... on level 4 of the Dungeon.
             The game lasted 00:03:48 (3047 turns).

SnakkuSnakku7 the Poker (Merfolk Air Elementalist)  Turns: 3047, Time: 00:03:49

Health: 0/25       AC:  7    Str: 16    XL:     3   Next: 85%
Magic:  6/6        EV: 14    Int: 14    God:    Uskayaw [*.....]
Gold:   127        SH:  0    Dex: 14    Spells: 5/6 levels left

rFire   . . .      SeeInvis .   a - +0 trident
rCold   . . .      Faith    .   (no shield)
rNeg    . . .      Spirit   .   n - +0 scale mail
rPois   .          Reflect  .   o - +0 helmet
rElec   .          Harm     .   (no cloak)
rCorr   .          Rampage  .   (no gloves)
Will    .....                   (no boots)
Stlth   ..........              (no amulet)
HPRegen 0.08/turn               r - +4 ring of evasion
MPRegen 0.10/turn               l - +6 ring of strength

@: confused, flying, hasted, very quick
A: (nimble swimmer 2), mertail
a: Renounce Religion, Stomp


You were on level 4 of the Dungeon.
You worshipped Uskayaw.
Uskayaw was noncommittal.
You visited 1 branch of the dungeon, and saw 4 of its levels.

You collected 127 gold pieces.

Inventory:

Hand Weapons
 a - a +0 trident (weapon)
 d - a +0 short sword
Missiles
 m - 4 poisoned darts
Armour
 f - a +0 robe
 n - a +0 scale mail (worn)
 o - a +0 helmet (worn)
Jewellery
 l - a +6 ring of strength (right hand)
 r - a +4 ring of evasion (left hand)
 y - a ring of magical power
Scrolls
 c - 4 scrolls of identify {unknown}
 h - 5 scrolls of teleportation {unknown}
 i - a scroll of summoning {unknown}
 j - a scroll of blinking {unknown}
 k - 2 scrolls of noise {unknown}
 p - a scroll of magic mapping {unknown}
 w - a scroll of poison {unknown}
 x - a scroll of enchant weapon {unknown}
Potions
 b - a potion of magic
 e - a potion of flight
 g - a potion of invisibility {unknown}
 q - a potion of heal wounds {unknown}
 s - a potion of resistance {unknown}
 t - a potion of brilliance {unknown}
 u - a potion of degeneration {unknown}
 v - a potion of haste


   Skills:
 - Level 0.4 Fighting
 + Level 3.5 Polearms
 + Level 1.5 Throwing
 - Level 2.6 Dodging
 - Level 2.1 Stealth
 - Level 2.0 Spellcasting
 - Level 0.7 Conjurations
 - Level 2.4 Air Magic


You had 5 spell levels left.
You knew the following spells:

 Your Spells              Type           Power      Damage    Failure   Level
a - Shock                 Conj/Air       20%        1d4       43%         1

Your spell library contained the following spells:

 Spells                   Type           Power      Damage    Failure   Level
 Static Discharge         Conj/Air       5%         3-4/arc   58%         2
 Swiftness                Air            8%         N/A       71%         3
 Gell's Gravitas          Tloc           1%         N/A       95%         3
 Lesser Beckoning         Tloc           1%         N/A       95%         3
 Teleport Other           Tloc           1%         N/A       95%         3
 Airstrike                Air            4%         2d(1-17)  98%         4


Dungeon Overview and Level Annotations

Branches:
Dungeon (4/15)
 Temple: D:4-7

Altars:
Makhleb
Uskayaw


Innate Abilities, Weirdness & Mutations

((You are very nimble when in or above water. (Stealth+, EV+, Speed+++)))
Your lower body shifts to a powerful aquatic tail in water.


Message History

You are too confused!
Unknown command.
An orc wizard appears from thin air!
Reactivating autopickup.
The orc wizard casts a spell at you.
You are more confused.
The orc wizard gestures at you while chanting.
You are more confused.
The orc wizard gestures at you while chanting.
The magic dart hits you.
* * * LOW HITPOINT WARNING * * *
You bump into the stone wall.
The orc wizard gestures at you while chanting.
You resist with significant effort.
The orc wizard points at you and mumbles some strange words.
You are more confused.
You're too confused to move!
The orc wizard gestures at you while chanting.
You are more confused.
You're too confused to move!
The orc wizard hits you but does no damage.
You bump into the stone wall.
The orc wizard points at you and mumbles some strange words.
The magic dart hits you.
* * * LOW HITPOINT WARNING * * *
The jackal bites you but does no damage.
The jackal attacks as you move away! The jackal misses you.
The jackal barely misses you. The orc hits you with a +0 flail.
* * * LOW HITPOINT WARNING * * *
You bump into the stone wall.
The orc barely misses you. The orc wizard barely misses you.
You hit the jackal.
The jackal is severely wounded.
The jackal misses you. The orc misses you.
The orc wizard hits you but does no damage.
The jackal barely misses you.
The jackal bites you but does no damage.
It was a potion of haste.
You feel yourself speed up. The jackal bites you.
You die...

### ####<####
####...hh..#
#....##@o..#
..#...ho#..# .##
#....#.....# ....
#.#.....#.## .....
#...###...#
......########.###
#.....hohh....#
#.#############


You could see an orc wizard, an orc and 3 jackals.

Vanquished Creatures
  An adder (D:3)
  3 orcs
  3 endoplasms (D:1)
  2 hobgoblins
  3 jackals (D:2)
  7 quokkas
  4 ball pythons
  3 bats (D:1)
  3 frilled lizards
  7 kobolds
  2 rats (D:2)
38 creatures vanquished.

Notes
Turn   | Place    | Note
-------+----------+-------------------------------------------
     0 | D:1      | SnakkuSnakku7 the Merfolk Air Elementalist began the quest
                  | for the Orb.
     0 | D:1      | Reached XP level 1. HP: 13/13 MP: 3/3
   374 | D:1      | Found a faded altar of an unknown god.
   380 | D:1      | Reached skill level 1 in Polearms
   383 | D:1      | Prayed at the altar of an unknown god.
   383 | D:1      | Became a worshipper of Uskayaw the Reveller
   383 | D:1      | Reached * piety under Uskayaw
   735 | D:1      | Reached XP level 2. HP: 20/20 MP: 5/5
   752 | D:1      | Reached skill level 2 in Polearms
  1964 | D:2      | Identified the +7 spear of the Living God {distort, rCorr}
  2096 | D:2      | Reached ** piety under Uskayaw
  2097 | D:2      | Reached skill level 3 in Polearms
  2097 | D:2      | Reached XP level 3. HP: 25/25 MP: 6/6
  2458 | D:3      | Reached skill level 1 in Throwing
  2949 | D:3      | Found a burning altar of Makhleb.
  3047 | D:4      | Slain by a jackal

Illustrated notes

Levels and vault maps discovered:
D:1:      mrwooster_arrival_arrow, layout_loops_ring,
          hellmonk_ecumenical_altar_run_dry
D:2:      layout_rooms
D:3:      layout_loops_cross, lightli_temple_of_fire
D:4:      layout_basic, evilmike_ruin_ashenzari, grunt_qazlal_clouds,
          kennysheep_mini_moat, serial_shops, shop, serial_undead,
          serial_undead_b, serial_undead_b, serial_undead_f, serial_undead_d,
          minmay_misc_feat_five, uniq_ijyb

Skill      XL: |  1  2  3 |
---------------+----------+-----
Polearms       | 1 3 |  3.5
Throwing       | 1 |  1.5
Fighting       | |  0.4
Dodging        | |  2.6
Stealth        | |  2.1
Spellcasting   | |  2.0
Conjurations   | |  0.7
Air Magic      | |  2.4

Action                   || total
-------------------------++-------
Melee: Trident           ||   151
       Short sword       ||     9
       Punch             ||     4
 Cast: Shock             ||     1
  Use: Potion            ||     2
 Stab: Sleeping          ||     3
Armor: Robe              ||     9
       Scale mail        ||    34
Dodge: Dodged            ||   104
